 Dungeon Crawl Stone Soup version 0.32-a0-732-ga344392067 (webtiles) character file.

Game seed: 7821013100689433287

65 jasper the Trooper (level 3, 0/45 HPs)
             Began as a Demonspawn Shapeshifter on Mar 16, 2024.
             Killed from afar by Natasha (10 damage)
             ... with a magic dart
             ... on level 2 of the Dungeon.
             The game lasted 00:02:36 (1327 turns).

jasper the Trooper (Demonspawn Shapeshifter)        Turns: 1327, Time: 00:02:36

Health: 0/45       AC: 21    Str: 16    XL:     3   Next: 94%
Magic:  3/3        EV:  2    Int: 10    God:
Gold:   17         SH:  0    Dex: 12    Spells: 2/2 levels left

rFire   . . .        n - +2 dagger (flame)
rCold   . . .        (no shield)
rNeg    . . .        a - melded +0 animal skin
rPois   +            (helmet currently unavailable)
rElec   .            (cloak currently unavailable)
rCorr   .            (gloves currently unavailable)
SInv    .            (boots currently unavailable)
Will    .....        (no amulet)
Stlth   +            (no ring)
HPRegen 0.27/turn    (no ring)
MPRegen 0.08/turn

%: no passive effects
@: agile, tree-form, slowed, very slow
A: stationary, stasis, torment immunity, boosted hp, powered by pain 1
a: no special abilities


You were on level 2 of the Dungeon.
You were a tree.
You visited 1 branch of the dungeon, and saw 2 of its levels.

You collected 99 gold pieces.
You spent 82 gold pieces at shops.

Inventory:

Hand Weapons
 e - a +0 dagger
 n - a +2 dagger of flaming (weapon)
Missiles
 f - 7 stones (quivered)
 o - 4 boomerangs
Armour
 a - a +0 animal skin (melded)
 h - a +2 pair of gloves
Talismans
 c - a beast talisman (active)
 d - a flux talisman
Scrolls
 p - a scroll of blinking
Potions
 g - a potion of invisibility {unknown}
 i - a potion of resistance {unknown}
 j - a potion of might {unknown}
 l - a potion of curing
 m - a potion of attraction {unknown}


   Skills:
 + Level 3.9 Fighting
 - Level 1.7 Dodging
 - Level 2.6 Unarmed Combat
 - Level 2.6 Shapeshifting


You had 2 spell levels left.
You didn't know any spells.
Your spell library contained the following spells:

 Spells                   Type           Power      Damage    Failure   Level
 Summon Ice Beast         Ice/Summ       0%         N/A       75%         3
 Summon Mana Viper        Hex/Summ       0%         N/A       100%        5
 Monstrous Menagerie      Summ           0%         N/A       100%        7


Dungeon Overview and Level Annotations

Branches:
Dungeon (2/15)

Altars:

Shops:
D:2 ?

Annotations:
D:2 Natasha, Robin


Innate Abilities, Weirdness & Mutations

You are a tree.
Your roots penetrate the ground, keeping you stationary.
You cannot be teleported.
You are immune to unholy pain and torment.
Your maximum health is greatly increased.
Your equipment is partially melded.
You sometimes gain a little power by taking damage.


Message History

You see here a jackal corpse.
You hit the hobgoblin. You burn the hobgoblin.
You kill the hobgoblin!
Things that are here:
a hobgoblin corpse; a jackal corpse Natasha, Servant of Life and Death comes into view.
You regained 3 hp, and now have 13/30 hp.
Natasha is nearby!
Throw: 8 stones
Press: ? - help, Q - select action, (/) - cycle Shift-Dir - straight line, f - Natasha
Aim: Natasha (wandering, hasn't noticed you, 47% to hit)
You throw a stone.
Natasha hisses angrily.
The stone hits Natasha but does no damage.
Natasha howls an incantation.
Natasha's front paws start to glow.
Natasha stares at you and mumbles some strange words.
You resist with significant effort.
You see here a staff of death.
You start resting.
Natasha is nearby!
Natasha claws you!
* * * LOW HITPOINT WARNING * * *
You focus on the pain.
You feel agile all of a sudden.
You see here a staff of death.
You take 9 damage, and have 6/30 hp.
MASSIVE DAMAGE!!
You closely miss Natasha. Natasha casts a spell at you.
You feel yourself slow down.
Your transformation has ended.
You turn into a tree.
Your +0 animal skin melds into your body.
Your roots penetrate the ground.
Natasha casts a spell at you. You resist with significant effort.
Natasha casts a spell at you. The magic dart hits you!
You die...
Natasha begins licking her fur clean.

#.......#
#.......#
+...)...#
#.......#
#∩......#
#.......#
#†#######
#h####
#.♣..#####
####.#...#
#.#.#.#
#.#.#.#######
#.#.#.......#
#.#.#######.#
#...#...†...#
#####.#.#.###
####.#...#


You could see Natasha.

Vanquished Creatures
  An adder (D:2)
  3 ball pythons (D:1)
  4 endoplasms
  3 giant cockroaches (D:1)
  7 goblins
  5 hobgoblins
  10 jackals
  2 quokkas (D:1)
  2 bats (D:1)
  3 frilled lizards (D:1)
  3 kobolds
  4 rats (D:1)
47 creatures vanquished.

Notes
Turn   | Place    | Note
-------+----------+-------------------------------------------
     0 | D:1      | jasper the Demonspawn Shapeshifter began the quest for the
                  | Orb.
     0 | D:1      | Reached XP level 1. HP: 15/15 MP: 1/1
   164 | D:1      | Reached skill level 2 in Fighting
   183 | D:1      | Gained mutation: You sometimes gain a little power by
                  | taking damage. [demonic ancestry]
   183 | D:1      | Reached XP level 2. HP: 21/22 MP: 2/2
   510 | D:1      | Reached skill level 3 in Fighting
   546 | D:1      | Reached XP level 3. HP: 29/29 MP: 3/3
  1061 | D:2      | Identified the +0 helmet of the Shoals {-Tele rN+ Int+2}
  1061 | D:2      | Noticed Robin
  1201 | D:2      | Found Taocoyka's Magic Scroll Emporium.
  1216 | D:2      | Bought a scroll of blinking for 82 gold pieces
  1317 | D:2      | Noticed Natasha
  1327 | D:2      | Killed from afar by Natasha

Illustrated notes

Levels and vault maps discovered:
D:1:      ncdulo_wetmaze, layout_loops_ring, amethyst_killhole, minivault_4,
          ebering_dispersal_statue_hall, minmay_indecisive_spiral
D:2:      layout_basic, serial_shops, shop, minmay_statues_item, uniq_natasha,
          uniq_sigmund, uniq_robin

Skill      XL: |  1  2 |
---------------+-------+-----
Fighting       | 2 3 |  3.9
Dodging        | |  1.7
Unarmed Combat | |  2.6
Shapeshifting  | |  2.6

Action                     || total
---------------------------++-------
  Melee: Unarmed           ||   106
         Dagger            ||    32
  Throw: Stone             ||     5
    Use: Scroll            ||     2
         Potion            ||     1
 Armour: Animal skin       ||    99
         Skin              ||     1
  Dodge: Dodged            ||   100

Table legend: (Time is in decaauts)
 A = Elapsed time spent in this place.
 B = Non-inter-level travel time spent in this place.
 C = Inter-level travel time spent in this place.
 D = Time resting spent in this place.
 E = Time spent auto-exploring this place.
 F = Levels seen in this place.
 G = Mean time per level.
                   A        B        C        D        E       F      G
               +--------+--------+--------+--------+--------+-----+--------+
         Total |   1330 |   1322 |      8 |     87 |    897 |   2 |  665.0 |
       Dungeon |   1330 |   1322 |      8 |     87 |    897 |   2 |  665.0 |
               +--------+--------+--------+--------+--------+-----+--------+

Top non-repeatable levels by time:
     D:1: 1128 daAuts
     D:2: 201 daAuts
